 Dungeon Crawl Stone Soup version 0.18-a0-1560-ge216ca8 (webtiles) character file.

16 SlimeFever the Skirmisher (level 2, -1/26 HPs)
             Began as a Demonspawn Chaos Knight on Mar 13, 2016.
             Slain by a gnoll
             ... wielding a cursed -1 spear
              (7 damage)
             ... on level 2 of the Dungeon.
             The game lasted 00:06:18 (794 turns).

SlimeFever the Skirmisher (Demonspawn Chaos Knight)  Turns: 794, Time: 00:06:19

Health: -1/26      AC:  5    Str: 12    XL:     2   Next: 41%
Magic:  2/2        EV: 18    Int: 13    God:    Xom [...*..]
Gold:   13         SH:  0    Dex: 17    Spells: 0 memorised, 1 level left

rFire  . . .     SeeInvis .     a - +0 falchion (chaos)
rCold  + . .     Gourm    .     b - +2 leather armour
rNeg   . . .     Faith    .     (no shield)
rPois  .         Spirit   .     (no helmet)
rElec  .         Dismiss  .     (no cloak)
rCorr  .         Reflect  .     (no gloves)
SustAt .         Harm     .     (no boots)
MR     .....                    (no amulet)
Stlth  ++........               (no ring)
                                (no ring)

@: agile, not resistant to hostile enchantments, unstealthy
A: repulsion field 1, blurry vision 1, cold resistance 1, robust 1
a: Renounce Religion


You were on level 2 of the Dungeon.
You worshipped Xom.
You were a favourite toy of Xom.
You were not hungry.

You visited 1 branch of the dungeon, and saw 2 of its levels.

You collected 13 gold pieces.

Inventory:

Hand Weapons
 a - a +0 falchion of chaos (weapon)
Armour
 b - a +2 leather armour (worn)
 h - a +0 chain mail
Scrolls
 d - a scroll of identify
 e - a scroll of random uselessness
 g - a scroll of remove curse
Potions
 i - a potion of magic
Comestibles
 c - 2 bread rations


   Skills:
 + Level 3.2 Fighting
 * Level 3.1 Long Blades
 + Level 2.0 Armour
 * Level 1.0 Dodging


You had one spell level left.
You didn't know any spells.

Dungeon Overview and Level Annotations

Branches:
Dungeon (2/15)

Altars:


Innate Abilities, Weirdness & Mutations

You are surrounded by a mild repulsion field (EV +2).
Scrolls take you a little longer to read.
Your flesh is cold resistant.
You are robust (+10% HP).


Message History

You barely miss the gnoll.
The gnoll is lightly wounded.
The gnoll hits you from afar with a spear.
The gnoll completely misses you.
You hit the gnoll. You burn the gnoll.
The gnoll is severely wounded.
The gnoll hits you but does no damage. The gnoll closely misses you.
The gnoll hits you but does no damage.
You hit the gnoll.
The gnoll is almost dead.
The gnoll barely misses you. The gnoll hits you with a club.
* * * LOW HITPOINT WARNING * * *
You barely miss the gnoll.
The gnoll is severely wounded.
The gnoll misses you. x2
You completely miss the gnoll.
The gnoll is severely wounded.
The gnoll hits you from afar with a spear!
You die...
Xom guffaws!

* ..* ##.....#... **,
**#.#*#.g.gg# *#.#* *
#..*#g#, * #..#* ,
#.##.#,,,* *#..# #....#,,,
*#>.### *
#..###,,,#####*#...####
##.# *** #...##**#....###
###..#########..####.......
#......ggg@..........###.##
####.##############...<...#
#.# ** ** ######..# #...#*
,, * #... #...#* **, ,,** *
* ##.. #.###,,,** *, , ,,
** .# #.#*,,, , * ,,,, , .#
#.#,, ,,,, * ,, , .#
#..,,,_ ,,,,,,,,


You could see 3 gnolls.

Vanquished Creatures
  2 dart slugs
  2 goblins
  3 hobgoblins (D:1)
  2 bats (D:1)
  A kobold (D:1)
  3 rats (D:1)
13 creatures vanquished.

Notes
Turn   | Place    | Note
--------------------------------------------------------------
     0 | D:1      | SlimeFever the Demonspawn Chaos Knight began the quest for the Orb.
     0 | D:1      | Reached XP level 1. HP: 18/18 MP: 1/1
   236 | D:1      | XOM: harmless Necr miscast
   278 | D:1      | XOM: enchant monster (bad)
   283 | D:1      | Reached skill level 1 in Dodging
   526 | D:1      | Gained mutation: You are surrounded by a mild repulsion field (EV +2). [demonic ancestry]
   526 | D:1      | Reached XP level 2. HP: 21/24 MP: 2/2
   589 | D:1      | XOM: harmless Divn miscast
   720 | D:2      | Gained mutation: You are robust (+10% HP). [potion of mutation]
   720 | D:2      | Gained mutation: Your flesh is cold resistant. [potion of mutation]
   720 | D:2      | Gained mutation: Scrolls take you a little longer to read. [potion of mutation]
   760 | D:2      | XOM: confuse monster(s)
   763 | D:2      | XOM: blink monster(s)
   772 | D:2      | XOM: divination: magic mapping
   794 | D:2      | Slain by a gnoll

Vault maps used:
D:1:      dpeg_arrival_water_fire
D:2:      lemuel_round_altar, first_bread, minmay_shallow_snake_nest

Skill      XL: |  1  2 |
---------------+-------+-----
Dodging        | 1 |  1.0
Long Blades    | 3 |  3.1
Armour         | 2 |  2.0
Fighting       | |  3.2

Action                   || total
-------------------------++-------
Melee: Falchion          ||    44
  Use: Scroll            ||     4
       Potion            ||     2
